 Dungeon Crawl Stone Soup version 0.17.1-1-g73c8601 (console) character file.

1603 Kloppie the Fighter (level 9, -3/76 HPs)
             Began as a Formicid Fighter on Dec 13, 2015.
             Killed by divine providence
             ... invoked by an orc priest
              (13 damage)
             ... on level 5 of the Dungeon.
             The game lasted 00:05:43 (4844 turns).

Kloppie the Fighter (Formicid Fighter)              Turns: 4844, Time: 00:05:43

Health: -3/76      AC:  6    Str: 24    XL:     9   Next: 16%
Magic:  9/9        EV:  8    Int:  8    God:
Gold:   242        SH:  9    Dex: 10    Spells: 0 memorised, 8 levels left

rFire  . . .     SeeInvis +     a - +0 war axe
rCold  . . .     Clarity  .     b - +0 scale mail
rNeg   . . .     SustAt   .     c - +0 shield
rPois  .         Gourm    .     (helmet unavailable)
rElec  .         Spirit   .     (no cloak)
rCorr  .         Warding  .     (no gloves)
rMut   .         Stasis   +     (no boots)
MR     .....                    (no amulet)
Stlth  ..........               (no ring)
                                (no ring)

@: drained, not resistant to hostile enchantments, extremely unstealthy
A: permanent stasis, dig shafts and tunnels, four strong arms, antennae 3
a: Dig, Shaft Self


You were on level 5 of the Dungeon.
You were not hungry.

You visited 1 branch of the dungeon, and saw 5 of its levels.

You collected 242 gold pieces.

Inventory:

Hand Weapons
 a - a +0 war axe (weapon)
Armour
 b - a +0 scale mail (worn)
 c - a +0 shield (worn)
Jewellery
 h - an uncursed ring of ice {unknown}
 r - a cursed -5 ring of intelligence {unknown}
Wands
 o - a wand of confusion (12)
 q - a wand of polymorph (0)
 v - a wand of flame (23)
Scrolls
 g - 3 scrolls of enchant armour {unknown}
 i - 4 scrolls of identify {unknown}
 j - a scroll of amnesia {unknown}
 l - a scroll of magic mapping {unknown}
 m - 5 scrolls of teleportation {unknown}
 t - 2 scrolls of remove curse {unknown}
 x - a scroll of holy word {unknown}
Potions
 d - 2 potions of curing
 f - 2 potions of ambrosia {unknown}
 k - 2 potions of lignification {unknown}
 n - 2 potions of degeneration {unknown}
 s - a potion of magic {unknown}
 u - a potion of agility {unknown}
 w - a potion of heal wounds {unknown}
Comestibles
 e - 4 bread rations
 p - a beef jerky
 z - 5 chunks of flesh


   Skills:
 + Level 9.0(8.8) Fighting
 + Level 8.1(7.8) Axes
 - Level 3.2(3.1) Armour
 - Level 3.6(3.4) Shields


You had 8 spell levels left.
You didn't know any spells.

Dungeon Overview and Level Annotations

Branches:
Dungeon (5/15)
 Temple: D:4-7

Altars:
Fedhas
Kikubaaqudgha


Innate Abilities, Weirdness & Mutations

You are under a permanent stasis effect.
You can dig through walls and to a lower floor.
Your four strong arms can wield two-handed weapons with a shield.
You have a pair of large antennae on your head (SInv).


Message History

The orc priest is moderately wounded.
You hit the orc wizard.
The orc wizard is lightly wounded.
You block the orc wizard's attack. You block the orc priest's attack.
The orc wizard hits you with a dagger.
* * * LOW HITPOINT WARNING * * *
Drink which item? (? for menu, Esc to quit)
It was a potion of curing.
You feel better. The orc priest hits you.
* * * LOW HITPOINT WARNING * * *
The orc wizard hits you with a dagger.
* * * LOW HITPOINT WARNING * * *
You closely miss the orc priest.
The orc priest is moderately wounded.
You hit the orc wizard but do no damage.
The orc wizard is lightly wounded.
You block the orc wizard's attack. The orc priest barely misses you.
You block the orc wizard's attack.
The orc priest calls down the wrath of Beogh upon you.
Something smites you!
You die...

#.# #.#.# #.# #.#.# #.#
#.#.# #.# #.#.# ##.#
#########.#.#
#..###########....)..)...#
#..........(.)...#########
#..#######.####..# ##.#
#.[@..##..# #.#
#.8oo.##...# #.#
#....##....# ########.#
......###...#
.........###.#.#%# #...#
#######..8##.#.#.. #..#.#
.##.. #..##..# ### #(.#
###


You could see an orc priest and an orc wizard.

Vanquished Creatures
  Pikel (D:4)
  The ghost of Wutend the Slasher, an amateur OpFi of Dithmenos (D:4)
  A slave (D:4)
  2 phantoms
  An ogre (D:3)
  An orc warrior (D:5)
  2 scorpions (D:4)
  A crimson imp (D:5)
  A hound (D:5)
  An orc priest (D:4)
  2 orc wizards (D:4)
  A giant frog skeleton (D:5)
  Jessica (D:3)
  7 worker ants
  8 adders
  A giant gecko (D:2)
  12 orcs
  2 ball pythons
  A hobgoblin (D:3)
  6 jackals
  4 kobolds
  3 quokkas
  6 bats
  3 giant cockroaches
  A giant gecko skeleton (D:4)
  A giant gecko zombie (D:5)
  3 giant newts
  4 goblins
  5 rats
83 creatures vanquished.

Vanquished Creatures (others)
  A worker ant (D:4)
  An orc (D:4)
2 creatures vanquished.

Grand Total: 85 creatures vanquished

Notes
Turn   | Place    | Note
--------------------------------------------------------------
     0 | D:1      | Kloppie the Formicid Fighter began the quest for the Orb.
     0 | D:1      | Reached XP level 1. HP: 18/18 MP: 1/1
   708 | D:2      | Reached XP level 2. HP: 23/25 MP: 2/2
   853 | D:2      | Found a blossoming altar of Fedhas.
   860 | D:2      | Reached XP level 3. HP: 26/30 MP: 3/3
   990 | D:2      | Reached skill level 4 in Fighting
  1163 | D:3      | Reached XP level 4. HP: 37/37 MP: 4/4
  1186 | D:3      | Found an ancient bone altar of Kikubaaqudgha.
  1695 | D:3      | Noticed Jessica
  1710 | D:3      | Killed Jessica
  1710 | D:3      | Reached XP level 5. HP: 43/43 MP: 5/5
  1727 | D:3      | Noticed an ogre
  1739 | D:3      | HP: 1/43 [ogre/giant club (20)]
  1740 | D:3      | Killed an ogre
  1740 | D:3      | Reached skill level 5 in Fighting
  2098 | D:3      | Reached XP level 6. HP: 51/51 MP: 6/6
  2321 | D:4      | Noticed Wutend's ghost (amateur OpFi)
  2345 | D:4      | Killed Wutend's ghost
  2345 | D:4      | Reached skill level 6 in Fighting
  2345 | D:4      | Reached skill level 5 in Axes
  2345 | D:4      | Reached XP level 7. HP: 34/58 MP: 7/7
  3124 | D:4      | Noticed a slave
  3124 | D:4      | Noticed a slave
  3126 | D:4      | Noticed Pikel
  3126 | D:4      | Noticed a slave
  3127 | D:4      | Noticed a slave
  3138 | D:4      | Killed a slave
  3155 | D:4      | Killed Pikel
  3155 | D:4      | Reached skill level 7 in Fighting
  3155 | D:4      | Reached XP level 8. HP: 26/68 MP: 8/8
  3393 | D:4      | Reached skill level 8 in Fighting
  3661 | D:5      | Entered Level 5 of the Dungeon
  4094 | D:5      | Reached XP level 9. HP: 65/75 MP: 9/9
  4807 | D:5      | Reached skill level 9 in Fighting
  4844 | D:5      | Killed from afar by an orc priest

Action                   |  1- 3 |  4- 6 |  7- 9 || total
-------------------------+-------+-------+-------++-------
Melee: War axe           |    57 |    81 |   205 ||   343
  Use: Potion            |       |     1 |     1 ||     2
  Eat: Chunk             |     1 |     3 |     9 ||    13
